 Dungeon Crawl Stone Soup version 0.26-a0-958-gf3041fb45f (webtiles) character file.

Game seed: 2229754550585120324

243 KristoblXynda the Covert (level 5, -1/27 HPs)
             Began as a Spriggan Delver on Nov 30, 2020.
             Hit by a stone thrown by an orc (4 damage)
             ... on level 5 of the Dungeon.
             The game lasted 00:03:32 (1421 turns).

KristoblXynda the Covert (Spriggan Delver)          Turns: 1421, Time: 00:03:33

Health: -1/27      AC:  2    Str:  8    XL:     5   Next: 82%
Magic:  6/6        EV: 20    Int: 13    God:
Gold:   0          SH:  0    Dex: 17    Spells: 4/4 levels left

rFire    . . .     SeeInvis +   a - +0 short sword
rCold    . . .     Faith    .   (shield restricted)
rNeg     . . .     Spirit   .   b - +0 robe
rPois    .         Reflect  .   (helmet restricted)
rElec    .         Harm     .   (no cloak)
rCorr    .         Rampage  .   (gloves unavailable)
MR       .....                  (boots unavailable)
Stlth    ++++......             (no amulet)
HPRegen  0.09/turn              (no ring)
MPRegen  0.10/turn              (no ring)

@: very quick
A: very small, unfitting armour, see invisible, speed 3
a: no special abilities


You were on level 5 of the Dungeon.
You visited 1 branch of the dungeon, and saw 1 of its levels.

Inventory:

Hand Weapons
 a - a +0 short sword (weapon)
Armour
 b - a +0 robe (worn)
Wands
 g - a wand of digging (3)
 h - a wand of disintegration (5)
Scrolls
 c - a scroll of fog
 d - a scroll of magic mapping
 e - a scroll of fear
Potions
 f - a potion of haste
 i - a potion of lignification {unknown}


   Skills:
 - Level 2.4 Fighting
 + Level 3.8 Short Blades
 + Level 5.1 Dodging
 + Level 8.6 Stealth
 + Level 3.5 Evocations


You had 4 spell levels left.
You didn't know any spells.
Your spell library was empty.

Dungeon Overview and Level Annotations

Branches:
Dungeon (5/15)
 Temple: D:4-7

Altars:

Annotations:
D:5 Dowan


Innate Abilities, Weirdness & Mutations

You are very small and have problems with some larger weapons.
You are too small for most types of armour.
You have supernaturally acute eyesight. (SInv)
You cover ground extremely quickly.


Message History

The orc throws a stone.
The stone completely misses you.
You feel sick.
Evoke which item? (* to show all) (? for menu, Esc to quit)
Aiming: Disintegrate
Press: ? - help, Shift-Dir - straight line, f - worker ant
Aim: a worker ant (heavily wounded, chance to defeat MR: 84%)
The worker ant is blasted!
You blow up the worker ant!
You feel sick.
The orc throws a stone.
The stone hits you but does no damage.
Unknown command.
There is a stone staircase leading up here.
The orc throws a stone.
The stone completely misses you.
The orc throws a stone.
The stone hits you but does no damage.
You feel sick.
The orc throws a stone.
The stone misses you.
The orc throws a stone.
The stone closely misses you.
You feel sick.
You are no longer poisoned.
The orc throws a stone.
The stone hits you.
You die...

#...)o.#.(.....
#B####.........
#.##.....(....o
#.##.#.........
#.B....##...#.#
#####.####....#
############..# ##....
#.........o..######.#..
#....(@..#........)....
#...(..<.o(#########...
#....>..(### #....
#........# #####....
###############........
##........##...
##..........#...
#...............
#..............#


You could see 2 orcs.

Vanquished Creatures
  Duvessa (D:5)
  2 orc priests (D:5)
  An orc wizard (D:5)
  2 worker ants (D:5)
  A worker ant zombie (D:5)
  4 orcs (D:5)
  A leopard gecko skeleton (D:5)
12 creatures vanquished.

Notes
Turn   | Place    | Note
-------+----------+-------------------------------------------
     0 | D:5      | KristoblXynda the Spriggan Delver began the quest for the
                  | Orb.
     0 | D:5      | Reached XP level 1. HP: 11/11 MP: 2/2
   278 | D:5      | Noticed a worker ant
   303 | D:5      | Killed a worker ant
   304 | D:5      | Reached skill level 1 in Evocations
   304 | D:5      | Reached XP level 2. HP: 15/16 MP: 3/3
   487 | D:5      | Noticed Duvessa
   505 | D:5      | Noticed Dowan
   512 | D:5      | Killed Duvessa
   513 | D:5      | Reached skill level 8 in Stealth
   513 | D:5      | Reached XP level 3. HP: 19/19 MP: 4/4
   513 | D:5      | Reached XP level 4. HP: 23/23 MP: 5/5
   913 | D:5      | Reached XP level 5. HP: 27/27 MP: 6/6
  1372 | D:5      | Reached skill level 5 in Dodging
  1421 | D:5      | Hit by a stone thrown by an orc

Illustrated notes

Levels and vault maps discovered:
D:5:      layout_rooms, gammafunk_temple_overflow_elements, uniq_duvessa

Skill      XL: |  1  2  3  4  5 |
---------------+----------------+-----
Evocations     | 1 2 3 |  3.5
Short Blades   | 3 |  3.8
Dodging        | 4 5 |  5.1
Stealth        | 8 |  8.6
Fighting       | |  2.4

Action                   |  1- 3 |  4- 6 || total
-------------------------+-------+-------++-------
Melee: Short sword       |    20 |    56 ||    76
Evoke: Wand              |     4 |     3 ||     7
 Stab: Sleeping          |     1 |       ||     1
       Distracted        |       |     1 ||     1
Armor: Robe              |       |     2 ||     2
Dodge: Dodged            |    13 |    38 ||    51

Table legend: (Time is in decaauts)
 A = Elapsed time spent in this place.
 B = Non-inter-level travel time spent in this place.
 C = Inter-level travel time spent in this place.
 D = Time resting spent in this place.
 E = Time spent auto-exploring this place.
 F = Levels seen in this place.
 G = Mean time per level.
                   A        B        C        D        E       F      G
               +--------+--------+--------+--------+--------+-----+--------+
         Total |   1310 |   1310 |      0 |   1044 |      4 |   1 | 1310.0 |
       Dungeon |   1310 |   1310 |      0 |   1044 |      4 |   1 | 1310.0 |
               +--------+--------+--------+--------+--------+-----+--------+

Top non-repeatable levels by time:
     D:5: 1310 daAuts
